 Dungeon Crawl Stone Soup version 0.27.1-34-g3ba077fa99 (webtiles) character file.

Game seed: 15850932187505835438

63 cbfl8 the Sneak (level 3, -17/33 HPs)
             Began as a Minotaur Delver on Jan 20, 2022.
             Demolished by a tentacled starspawn (18 damage)
             ... on level 1 of the Abyss.
             The game lasted 00:03:11 (1115 turns).

cbfl8 the Sneak (Minotaur Delver)                   Turns: 1115, Time: 00:03:12

Health: -17/33     AC:  3    Str: 16    XL:     3   Next: 87%
Magic:  2/2        EV:  9    Int:  8    God:
Gold:   34         SH:  7    Dex: 11    Spells: 1/2 levels left

rFire    . . .     SeeInvis .   a - +0 hand axe
rCold    . . .     Faith    .   d - +0 kite shield
rNeg     . . .     Spirit   .   b - +0 leather armour
rPois    .         Reflect  .   (helmet restricted)
rElec    .         Harm     .   (no cloak)
rCorr    .         Rampage  .   (no gloves)
Will     .....                  (no boots)
Stlth    ++........             (no amulet)
HPRegen  0.00/turn              (no ring)
MPRegen  0.08/turn              (no ring)

@: diseased
A: horns 2, retaliatory headbutt
a: no special abilities


You were on level 1 of the Abyss.
You visited 1 branch of the dungeon, and saw 3 of its levels.
You visited the Abyss 1 time.

You collected 34 gold pieces.

Inventory:

Hand Weapons
 a - a +0 hand axe (weapon)
 i - a +2 battleaxe of venom
Armour
 b - a +0 leather armour (worn)
 d - a +0 kite shield (worn)
Wands
 g - a wand of digging (3)
Scrolls
 c - 2 scrolls of fog
 e - a scroll of fear
Potions
 f - a potion of haste
 h - a potion of curing {unknown}


   Skills:
 + Level 4.0 Fighting
 + Level 3.2 Axes
 + Level 1.6 Armour
 + Level 2.3 Dodging
 + Level 4.7 Stealth


You had one spell level left.
You knew the following spells:

 Your Spells              Type           Power      Damage    Failure   Level
a - Magic Dart            Conj           0%         1d3       98%         1

Your spell library contained the following spells:

 Spells                   Type           Power      Damage    Failure   Level
 Searing Ray              Conj           0%         3d3       99%         2
 Fulminant Prism          Conj/Hex       0%         3d6       100%        4
 Summon Forest            Summ/Tloc      0%         N/A       100%        5
 Eringya's Noxious Bog    Tmut/Pois      0%         N/A       100%        6
 Summon Hydra             Summ           0%         N/A       100%        7


Dungeon Overview and Level Annotations

Branches:
Dungeon (5/15)             Temple (0/1) D:4

Altars:


Innate Abilities, Weirdness & Mutations

You have a pair of horns on your head.
You reflexively headbutt those who attack you in melee.


Message History

You closely miss the green very ugly thing.
Your headbutt misses the green very ugly thing.
You are suddenly pulled into a different region of the Abyss!
You see here a Fen Folio.
Found a Fen Folio.
You pick up a Fen Folio and begin reading...
You add the spells Summon Forest, Eringya's Noxious Bog and Summon Hydra to your library.
Memorise Magic Dart, consuming 1 spell level and leaving 1?
You start memorising the spell.
You continue memorising.
You finish memorising.
Spell assigned to 'a'.
Found a gateway leading deeper into the Abyss.
Found a glowing battleaxe.
You see here a +2 battleaxe of venom.
i - a +2 battleaxe of venom You can't wield that with a shield.
There is a gateway leading deeper into the Abyss here.
You can't go up here!
A ynoxinul comes into view.
A small abomination comes into view.
A tentacled starspawn comes into view.
Tentacles burst from the starspawn's body! 2 starspawn tentacles come into view.
An ancient zyme comes into view.
You feel yourself growing ill in the presence of the ancient zyme.
You feel ill.
A tentacle flies out from the starspawn's body!
A starspawn tentacle comes into view.
A tentacle flies out from the starspawn's body!
A starspawn tentacle comes into view.
A black mamba comes into view.
The black mamba hisses angrily.
Tentacles burst from the starspawn's body! 2 starspawn tentacles come into view.
You hit the tentacled starspawn.
The tentacled starspawn is lightly damaged.
The tentacled starspawn bites you!!
Ouch! That really hurt!
* * * LOW HITPOINT WARNING * * *
The tentacled starspawn tentacle-slaps you!!
Ouch! That really hurt!
You die...

..#.# ##. ..#..#
.w# # # .. .#X ##
# ... . .## ..
.... ..
.####..#..# S.
.#ยง ... ..# . ##
. ##. .x ## ##
.#..# .# #....
..#.#####...#..
#..# . .#
#.wX@#.....# #
..##..# ###w#.S#
.#. .# ..#X...##.#
..#..#.#.#.#######
..#. ..##...# #..
##..# ... #.. .
####


You could see a tentacled starspawn, a black mamba and 2 starspawn tentacles.

Vanquished Creatures
  A bullfrog skeleton (D:3)
  An adder (D:3)
  An ufetubus (Abyss:1)
  A worm (D:3)
  A ball python (D:3)
  3 endoplasms
  A goblin (D:4)
  2 hobgoblins (D:3)
  3 kobolds (D:3)
  2 bats (D:3)
  2 rats (D:3)
18 creatures vanquished.

Vanquished Creatures (others)
  6 starspawn tentacles (Abyss:1)
6 creatures vanquished.

Grand Total: 24 creatures vanquished

Notes
Turn   | Place    | Note
-------+----------+-------------------------------------------
     0 | D:5      | cbfl8 the Minotaur Delver began the quest for the Orb.
     0 | D:5      | Reached XP level 1. HP: 19/19 MP: 0/0
   268 | D:3      | Reached XP level 2. HP: 18/27 MP: 1/1
   420 | D:3      | Reached skill level 1 in Armour
   420 | D:3      | Reached XP level 3. HP: 26/33 MP: 2/2
   907 | D:3      | Cast into level 1 of the Abyss (kobold)
  1015 | Abyss:1  | Noticed a green very ugly thing
  1027 | Abyss:1  | Learned a level 1 spell: Magic Dart
  1078 | Abyss:1  | Noticed a ynoxinul
  1078 | Abyss:1  | Noticed a small abomination
  1095 | Abyss:1  | Noticed a tentacled starspawn
  1100 | Abyss:1  | Noticed an ancient zyme
  1112 | Abyss:1  | Noticed a black mamba
  1115 | Abyss:1  | HP: 1/33 [tentacled starspawn (32)]
  1115 | Abyss:1  | Demolished by a tentacled starspawn

Illustrated notes

Levels and vault maps discovered:
D:3:      layout_loops_ring, nicolae_qazlal_general_emergency
D:4:      layout_cave_pools, makhleb_altar_promises_db,
          nicolae_wu_jian_wuxing_cycle, temple_fountains, portal_sewer_entry_b,
          serial_shops, nicolae_shop_window_shopping, serial_park_tiny_1
D:5:      layout_basic, lemuel_coloured_pillars_altar, grunt_gozag_breadcrumbs,
          nicolae_uskayaw_en_pointe, old_standard_altar,
          kennysheep_okawaru_gauntlet, uniq_eustachio
Abyss:1:  base:
D:5

Skill      XL: |  1  2  3 |
---------------+----------+-----
Armour         | 1 |  1.6
Axes           | 3 |  3.2
Fighting       | 4 |  4.0
Dodging        | |  2.3
Stealth        | |  4.7

Action                   || total
-------------------------++-------
Melee: Hand axe          ||    53
       Headbutt          ||     7
  Use: Scroll            ||     1
Armor: Leather armour    ||    12
Dodge: Dodged            ||    33
Block: Kite shield       ||    15
